 Dungeon Crawl Stone Soup version 0.31-a0-986-g5e6e4ef867 (webtiles) character file.

Game seed: 2737053116983479096

421 whatisthis the Trooper (level 6, -1/53 HPs)
             Began as a Ghoul Necromancer on Nov 21, 2023.
             Killed from afar by Blork the orc (9 damage)
             ... with a magic dart
             ... on level 5 of the Dungeon.
             The game lasted 00:21:29 (3967 turns).

whatisthis the Trooper (Ghoul Necromancer)          Turns: 3967, Time: 00:21:29

Health: -1/53      AC:  7    Str: 14    XL:     6   Next: 94%
Magic:  1/7        EV:  9    Int: 10    God:
Gold:   189        SH:  0    Dex:  9    Spells: 7/8 levels left

rFire   . .          .
                       - Unarmed
rCold   + + .        (no shield)
rNeg    + + +        f - +0 scale mail
rPois   ∞            h - +0 helmet
rElec   .            (no cloak)
rCorr   .            (no gloves)
SInv    .            (no boots)
Will    .....        (no amulet) Stlth
                     o - ring of protection from cold
HPRegen 0.00/turn    (no ring)
MPRegen 0.10/turn

%: no passive effects
@: very slightly contaminated, inhibited regen
A: claws 1, cold resistance 1, negative energy resistance 3, inhibited
regeneration, torment resistance 2, devour on kill
a: no special abilities


You were on level 5 of the Dungeon.
You visited 2 branches of the dungeon, and saw 6 of its levels.

You collected 189 gold pieces.

Inventory:

Missiles
 g - 10 stones
 q - a dart of dispersal
 r - 3 javelins
Armour
 f - a +0 scale mail (worn)
 h - a +0 helmet (worn)
Jewellery
 c - an amulet of magic regeneration
 j - an amulet of faith
 o - a ring of protection from cold (left claw)
Scrolls
 a - a scroll of teleportation
 s - a scroll of blinking
 t - a scroll of brand weapon
 v - a scroll of enchant weapon {unknown}
 x - a scroll of fog {unknown}
Potions
 b - a potion of magic
 e - a potion of curing
 l - a potion of attraction {unknown}
 m - a potion of enlightenment {unknown}
 n - a potion of resistance {unknown}
 u - a potion of ambrosia {unknown}


   Skills:
 + Level 4.3 Fighting
 + Level 3.1 Armour
 - Level 1.7 Dodging
 - Level 2.1 Stealth
 + Level 4.2 Unarmed Combat
 - Level 1.7 Spellcasting
 - Level 4.0 Necromancy


You had 7 spell levels left.
You knew the following spells:

 Your Spells              Type           Power      Damage    Failure   Level
a - Necrotise             Necr           32%        1d5       26%         1

Your spell library contained the following spells:

 Spells                   Type           Power      Damage    Failure   Level
 Vampiric Draining        Necr           8%         2d6       58%         3
 Animate Dead             Necr           8%         N/A       94%         4
 Ozocubu's Armour         Ice            0%         N/A       98%         3
 Agony                    Necr           8%         N/A       100%        5
 Ozocubu's Refrigeration  Ice            0%         4d7       100%        7
 Summon Hydra             Summ           0%         N/A       100%        7
 Sublimation of Blood     Necr           Unusable   N/A       N/A         2
 Wereblood                Tmut           Unusable   N/A       N/A         2

Dungeon Overview and Level Annotations

Branches:
Dungeon (5/15)             Temple (1/1) D:4

Altars:
Cheibriados
Dithmenos
Fedhas
Gozag
Hepliaklqana
Nemelex Xobeh
Okawaru
Ru
Sif Muna
Uskayaw
Vehumet
Wu Jian
Xom

Annotations:
D:3 exclusions: downstairs, water moccasin and 1 more exclusion
D:4 Natasha
D:5 Blork the orc


Innate Abilities, Weirdness & Mutations

You are immune to poison.
You have sharp fingernails.
Your flesh is cold resistant. (rC+)
You are immune to negative energy. (rN+++)
You do not regenerate when monsters are visible.
You are immune to unholy pain and torment.
You thrive by killing the living.


Message History

Blork the orc resists with significant effort.
Blork the orc hits you with a +0 dire flail of protection!
* * * LOW HITPOINT WARNING * * *
You feel much better.
Blork the orc hits you with a +0 dire flail of protection!
* * * LOW HITPOINT WARNING * * *
Blork the orc hits you with a +0 dire flail of protection.
* * * LOW HITPOINT WARNING * * *
Blork the orc attacks as he pursues you!
Blork the orc barely misses you.
Blork the orc points at you and mumbles some strange words.
The puff of frost hits you. You resist.
* * * LOW HITPOINT WARNING * * *
Casting: Necrotise (safe; 26% risk of failure)
Confirm with . or Enter, or press ? or * to list all spells.
Okay, then.
You feel much better. Blork the orc closely misses you.
Blork the orc hits you with a +0 dire flail of protection!
It was a potion of lignification.
You feel woody for a moment. Blork the orc casts a spell at you.
The magic dart hits you.
Blork the orc hits you with a +0 dire flail of protection.
You scratch Blork the orc but do no damage.
Blork the orc is lightly wounded.
Blork the orc hits you with a +0 dire flail of protection.
You barely miss Blork the orc.
Blork the orc is lightly wounded.
Blork the orc gestures at you while chanting.
The puff of frost hits you. You resist.
* * * LOW HITPOINT WARNING * * *
Blork the orc hits you but does no damage.
You scratch Blork the orc.
Blork the orc is moderately wounded.
Blork the orc hits you with a +0 dire flail of protection!
* * * LOW HITPOINT WARNING * * *
You barely miss Blork the orc.
Blork the orc is moderately wounded.
Blork the orc points at you and mumbles some strange words.
The magic dart hits you!
You die...

.~~~≈...............#
.~~~................#
.~~~≈~..............#
~~~~~~............$.#
~~~~≈.............(.#
..~~~.†.......##+##.#
.~.~~~###.....#...#.######
.~~≈~.# #.....#...#......#
.~.~≈.# #.......@o.......#
..~~..# #.....####.####..#
#~~..~# #.....##.....##..#
≈~≈≈~.# #.....#.......#..#
≈≈≈~≈.# #.....#.......#..#
≈≈~..# #........._......#
#.....#.......#..#
###...#...)...#..#
#.#.##.....##.##


You could see Blork the orc (fast).

Vanquished Creatures
  3 scorpions (D:5)
  A hound (D:4)
  2 iguanas (D:4)
  Jessica (D:3)
  4 adders
  A shadow imp (D:5)
  2 ufetubi
  2 worms
  4 dart slugs
  2 orcs
  6 endoplasms
  2 giant cockroaches
  7 goblins
  4 hobgoblins
  5 kobolds
  8 quokkas
  5 ball pythons
  3 bats
  3 frilled lizards
  7 rats
72 creatures vanquished.

Notes
Turn   | Place    | Note
-------+----------+-------------------------------------------
     0 | D:1      | whatisthis the Ghoul Necromancer began the quest for the
                  | Orb.
     0 | D:1      | Reached XP level 1. HP: 14/14 MP: 2/2
   294 | D:1      | Reached skill level 1 in Fighting
   294 | D:1      | Reached skill level 1 in Unarmed Combat
   294 | D:1      | Reached XP level 2. HP: 23/23 MP: 3/3
   926 | D:2      | Reached XP level 3. HP: 29/29 MP: 4/4
  1778 | D:3      | Noticed Jessica
  1790 | D:3      | Reached skill level 1 in Armour
  1819 | D:3      | Noticed a water moccasin
  2025 | D:3      | Reached XP level 4. HP: 36/36 MP: 5/5
  2129 | D:3      | Killed Jessica
  2496 | D:4      | Found a shimmering altar of Xom.
  2584 | D:4      | Found a staircase to the Ecumenical Temple.
  2594 | D:4      | Reached XP level 5. HP: 44/44 MP: 1/6
  2608 | Temple   | Entered the Ecumenical Temple
  3145 | D:4      | Noticed Natasha
  3208 | D:5      | Entered Level 5 of the Dungeon
  3244 | D:5      | Noticed an ogre
  3377 | D:5      | Reached XP level 6. HP: 36/52 MP: 1/7
  3917 | D:5      | Found a snail-covered altar of Cheibriados.
  3945 | D:5      | Noticed Blork the orc
  3967 | D:5      | Killed from afar by Blork the orc

Illustrated notes

Levels and vault maps discovered:
D:1:      minmay_arrival_split_and_join, layout_loops_cross
D:2:      layout_basic, minmay_tromino_v4_b
D:3:      layout_loops_corners, serial_bayou, serial_bayou_shore_a,
          serial_bayou_pond_d, serial_bayou_crossing, serial_bayou_pond_b,
          uniq_jessica
D:4:      layout_rooms, brannock_xom_greatest_gift,
          minmay_temple_entry_steel_oval, uniq_natasha
D:5:      layout_gridville, old_standard_altar, chequers_serial_rivers_large_a,
          uniq_blork_the_orc
Temple:   eino_temple_water

Skill      XL: |  1  2  3  4  5  6 |
---------------+-------------------+-----
Fighting       | 1 2 3 4 |  4.3
Unarmed Combat | 1 2 3 4 |  4.2
Armour         | 1 2 3 |  3.1
Dodging        | |  1.7
Stealth        | |  2.1
Spellcasting   | |  1.7
Necromancy     | |  4.0

Action                     |  1- 3 |  4- 6 || total
---------------------------+-------+-------++-------
  Melee: Unarmed           |   160 |   151 ||   311
         Punch             |     3 |     4 ||     7
  Throw: Dart              |     5 |    11 ||    16
         Stone             |     4 |     5 ||     9
   Cast: Necrotise         |     7 |    41 ||    48
    Use: Potion            |     3 |     4 ||     7
         Scroll            |     2 |     5 ||     7
   Stab: Sleeping          |     4 |       ||     4
 Armour: Robe              |    20 |       ||    20
         Scale mail        |    71 |   162 ||   233
  Dodge: Dodged            |    77 |    94 ||   171

Table legend: (Time is in decaauts)
 A = Elapsed time spent in this place.
 B = Non-inter-level travel time spent in this place.
 C = Inter-level travel time spent in this place.
 D = Time resting spent in this place.
 E = Time spent auto-exploring this place.
 F = Levels seen in this place.
 G = Mean time per level.
                   A        B        C        D        E       F      G
               +--------+--------+--------+--------+--------+-----+--------+
         Total |   3975 |   3793 |    182 |    782 |   1327 |   6 |  662.5 |
       Dungeon |   3926 |   3744 |    182 |    753 |   1327 |   5 |  785.2 |
        Temple |     48 |     48 |      0 |     29 |      0 |   1 |   48.0 |
               +--------+--------+--------+--------+--------+-----+--------+

Top non-repeatable levels by time:
     D:2: 898 daAuts
     D:1: 838 daAuts
     D:3: 806 daAuts
     D:4: 797 daAuts
     D:5: 585 daAuts
  Temple: 48 daAuts
